 Dungeon Crawl Stone Soup version 0.26-a0-812-g31a745ddcd (webtiles) character file.

Game seed: 10593546228602433500

33 kae the Ruffian (level 3, -2/28 HPs)
             Began as a Draconian Transmuter on Dec 2, 2020.
             Slain by an ogre
             ... wielding a +0 giant spiked club
              (15 damage)
             ... on level 2 of the Dungeon.
             The game lasted 00:01:02 (1205 turns).

kae the Ruffian (Draconian Transmuter)              Turns: 1205, Time: 00:01:02

Health: -2/28      AC:  5    Str: 13    XL:     3   Next: 12%
Magic:  3/6        EV: 12    Int: 13    God:
Gold:   78         SH:  0    Dex: 11    Spells: 2/6 levels left

rFire    + . .     SeeInvis .     - Unarmed
rCold    + . .     Faith    .   (no shield)
rNeg     . . .     Spirit   .   (armour unavailable)
rPois    +         Reflect  .   (helmet restricted)
rElec    +         Harm     .   (no cloak)
rCorr    +         Rampage  .   (no gloves)
MR       .....                  (no boots)
Stlth    +.........             (no amulet)
HPRegen  0.09/turn              (no ring)
MPRegen  0.10/turn              (no ring)

@: resistant, very slightly contaminated
A: unfitting armour, cold-blooded, AC +5
a: no special abilities


You were on level 2 of the Dungeon.
You visited 1 branch of the dungeon, and saw 2 of its levels.

You collected 78 gold pieces.

Inventory:

Scrolls
 a - 2 scrolls of enchant armour {unknown}
 b - a scroll of teleportation {unknown}
 c - 3 scrolls of identify {unknown}
 e - a scroll of fog {unknown}
 f - a scroll of immolation {unknown}
 g - a scroll of magic mapping {unknown}
 h - a scroll of amnesia {unknown}
 i - 2 scrolls of enchant weapon {unknown}
 l - a scroll of fear {unknown}
Potions
 j - a potion of lignification {unknown}


   Skills:
 + Level 1.6 Fighting
 + Level 2.1 Dodging
 * Level 3.3 Unarmed Combat
 + Level 2.1 Spellcasting
 * Level 2.5 Transmutations
 * Level 0.0 Poison Magic


You had 2 spell levels left.
You knew the following spells:

 Your Spells              Type           Power        Failure   Level
a - Beastly Appendage     Tmut           #.....       9%          1
b - Spider Form           Tmut/Pois      #.........   41%         3

Your spell library contained the following spells:

 Spells                   Type           Power        Failure   Level
 Wereblood                Tmut           #.......     13%         2
 Ice Form                 Ice/Tmut       #.......     83%         4
 Blade Hands              Tmut           #.........   94%         5


Dungeon Overview and Level Annotations

Branches:
Dungeon (2/15)

Altars:
Okawaru


Innate Abilities, Weirdness & Mutations

Your plain brown scales are hard. (AC +5)
You cannot fit into any form of body armour.
You are cold-blooded and may be slowed by cold attacks.


Message History

Casting: Beastly Appendage (safe; 9% risk of failure)
Confirm with . or Enter, or press ? or * to list all spells.
The spell is extremely dangerous to cast (41% risk of failure)!
Continue anyway? [Y]es or [N]o only, please.
The spell is extremely dangerous to cast (41% risk of failure)!
Continue anyway?
You miscast Spider Form.
You are very lightly contaminated with residual magic.
You feel incredibly sick!
You are poisoned.
You feel sick.
The ogre hits you with a +0 giant spiked club!
* * * LOW HITPOINT WARNING * * *
It was a potion of resistance.
You feel protected.
* * * LOW HITPOINT WARNING * * *
You feel sick.
It was a potion of curing.
You feel better.
The ogre hits you with a +0 giant spiked club!
Ouch! That really hurt!
You die...

...........'.........##.#####.#.#
...........##....#.#.##.# ##.._.
............'....#.#.##.# #..#.#
#...........#....#.#..#.# #.....
#...........#....#+##.#.# #.####
....# #.................# #.#
....# #........#........# #.#
....# #.......###....#..####.#
...## ###......O@....(.>.....#
..... #.....########..######
..... #.........#..#..#
#...........$.....#.....########
.................##.##........#
##...............#.#####.#.#)#
#...............#.###.#<.(#.#
#####.................#...#.#
#...#####.....###.....#.#


You could see an ogre.

Vanquished Creatures
  2 worms
  A dart slug (D:1)
  4 goblins
  5 hobgoblins
  A kobold (D:2)
  A ball python (D:2)
  7 bats
  A frilled lizard (D:2)
  3 rats
25 creatures vanquished.

Notes
Turn   | Place    | Note
-------+----------+-------------------------------------------
     0 | D:1      | kae the Draconian Transmuter began the quest for the Orb.
     0 | D:1      | Reached XP level 1. HP: 16/16 MP: 3/3
   263 | D:1      | Reached XP level 2. HP: 23/23 MP: 3/5
   700 | D:2      | Noticed an ogre
   809 | D:2      | Found an iron altar of Okawaru.
  1066 | D:2      | Reached XP level 3. HP: 25/28 MP: 4/6
  1071 | D:2      | Learned a level 3 spell: Spider Form
  1205 | D:2      | Slain by an ogre

Illustrated notes

Levels and vault maps discovered:
D:1:      dpeg_arrival_brainrot, layout_basic
D:2:      layout_basic, chequers_ecumenical_altar_island,
          okawaru_metal_pillars_1_2

Skill      XL: |  1  2 |
---------------+-------+-----
Dodging        | 2 |  2.1
Fighting       | |  1.6
Unarmed Combat | |  3.3
Spellcasting   | |  2.1
Transmutations | |  2.5

Action                   || total
-------------------------++-------
Melee: Unarmed           ||    62
       Tailslap          ||     5
       Kick              ||    10
       Headbutt          ||     5
 Cast: Beastly Appendage ||    13
  Use: Potion            ||     2
Armor: Skin              ||    34
Dodge: Dodged            ||    59

Table legend: (Time is in decaauts)
 A = Elapsed time spent in this place.
 B = Non-inter-level travel time spent in this place.
 C = Inter-level travel time spent in this place.
 D = Time resting spent in this place.
 E = Time spent auto-exploring this place.
 F = Levels seen in this place.
 G = Mean time per level.
                   A        B        C        D        E       F      G
               +--------+--------+--------+--------+--------+-----+--------+
         Total |   1201 |   1159 |     42 |      0 |    947 |   2 |  600.5 |
       Dungeon |   1201 |   1159 |     42 |      0 |    947 |   2 |  600.5 |
               +--------+--------+--------+--------+--------+-----+--------+

Top non-repeatable levels by time:
     D:1: 651 daAuts
     D:2: 550 daAuts
